TOP OF THE 1ST |
Altoona Curve batting - Pitching for Richmond Flying Squirrels : RHP Ossie Cabrera
|
Pitching: RHP Ossie Cabrera
|
|
Batting: LHB Hector Puentes
|
0-0: Ground out 6-3 (Groundball, 56, EV 83.1 MPH)
|
Batting: RHB Jadon Harper
|
0-0: Ball 1-0: Ball 2-0: Called Strike 2-1: Swinging Strike 2-2: Ball 3-2: Fly out, F4 (Popup, 34S, EV 80.0 MPH)
|
Batting: RHB Bobby Lopez
|
0-0: Ball 1-0: Ball 2-0: Ground out 6-3 (Groundball, P, EV 79.4 MPH)
|
Top of the 1st over - 0 runs, 0 hits, 0 errors, 0 left on base; Altoona 0 - Richmond 0 |
BOTTOM OF THE 1ST |
Richmond Flying Squirrels batting - Pitching for Altoona Curve : LHP Willie Marmol
|
Pitching: LHP Willie Marmol
|
|
Batting: RHB Luis Cano
|
0-0: Called Strike 0-1: Ball 1-1: Ball 2-1: SINGLE (Line Drive, 8LS, EV 100.0 MPH)
|
Batting: RHB Jeff Stelma
|
0-0: Ball 1-0: Called Strike 1-1: Called Strike 1-2: Strikes out swinging
|
Batting: RHB Ryan McClure
|
0-0: Ball 1-0: Called Strike Luis Cano steals 2nd base 1-1: Ball 2-1: Called Strike 2-2: Strikes out swinging
|
Batting: RHB Nate Strother
|
0-0: SINGLE (Groundball, 6M, EV 97.5 MPH) Luis Cano to third Throwing error, E8 Luis Cano scores Nate Strother to second
|
Batting: RHB Mark Goree
|
0-0: Foul Ball, location: 5F 0-1: Ball 1-1: Ball 2-1: Called Strike 2-2: Ball 3-2: 2-RUN HOME RUN (Flyball, 9D, EV 91.9 MPH), Distance : 356 ft
|
Batting: RHB Julio Villarreal
|
0-0: Ground out 5-3 (Groundball, 56, EV 93.8 MPH)
|
Bottom of the 1st over - 3 runs, 3 hits, 1 error, 0 left on base; Altoona 0 - Richmond 3 |
TOP OF THE 2ND |
Altoona Curve batting - Pitching for Richmond Flying Squirrels : RHP Ossie Cabrera
|
Batting: RHB Tomas Voivodic
|
0-0: Ball 1-0: Ball 2-0: Ball 3-0: Base on Balls
|
Batting: LHB Juan Ramos
|
0-0: Ball 1-0: Called Strike 1-1: SINGLE (Line Drive, 8LS, EV 102.5 MPH) Tomas Voivodic to second
|
Batting: RHB Brent McClendon
|
0-0: Called Strike 0-1: Foul Ball, location: 3FF 0-2: Ball 1-2: Foul Ball, location: 7LMFF 1-2: Strikes out looking
|
Batting: SHB Noah Gelderman
|
0-0: Called Strike 0-1: Foul Ball, location: 2RF 0-2: Strikes out looking
|
Batting: LHB Francisco Rivas
|
0-0: Called Strike 0-1: Ball 1-1: Ball 2-1: Swinging Strike 2-2: Ball 3-2: Ground out 4-3 (Groundball, 4M, EV 86.3 MPH)
|
Top of the 2nd over - 0 runs, 1 hit, 0 errors, 2 left on base; Altoona 0 - Richmond 3 |
BOTTOM OF THE 2ND |
Richmond Flying Squirrels batting - Pitching for Altoona Curve : LHP Willie Marmol
|
Batting: RHB Adam Ross
|
0-0: Ball 1-0: Ball 2-0: Swinging Strike 2-1: Fly out, F9 (Flyball, 89M, EV 91.9 MPH)
|
Batting: RHB Bob Harrigan
|
0-0: Swinging Strike 0-1: DOUBLE (Line Drive, 7LS, EV 90.0 MPH)
|
Batting: RHB Tristan Gilliam
|
0-0: Called Strike 0-1: Foul Ball, location: 2F 0-2: Reached on error, E6 (Groundball, 6, EV 84.4 MPH) Bob Harrigan to third
|
Batting: RHB Luis Cano
|
0-0: Ball 1-0: Foul Ball, location: 2F 1-1: Foul Ball, location: 23FF 1-2: Fly out, F7 (Flyball, 7, EV 75.6 MPH) Runner from 3rd tags up, SCORES, throw by LF
|
Batting: RHB Jeff Stelma
|
0-0: Foul Ball, location: 5FF 0-1: Ball 1-1: Foul Ball, location: 23F 1-2: Strikes out swinging
|
Bottom of the 2nd over - 1 run, 1 hit, 1 error, 1 left on base; Altoona 0 - Richmond 4 |
TOP OF THE 3RD |
Altoona Curve batting - Pitching for Richmond Flying Squirrels : RHP Ossie Cabrera
|
Batting: SHB Willie Nunez
|
0-0: Called Strike 0-1: Ball 1-1: Hit by Pitch
|
Batting: LHB Hector Puentes
|
0-0: Ball 1-0: Foul Ball, location: 5FF 1-1: Called Strike 1-2: Fly out, F8 (Flyball, 8LXD, EV 102.5 MPH)
|
Batting: RHB Jadon Harper
|
0-0: Foul Ball, location: 9LMF 0-1: Foul Ball, location: 9LDF 0-2: Foul Ball, location: 2F 0-2: Strikes out swinging
|
Batting: RHB Bobby Lopez
|
0-0: Ball 1-0: Ground out 1-3 (Groundball, 13S, EV 63.1 MPH)
|
Top of the 3rd over - 0 runs, 0 hits, 0 errors, 1 left on base; Altoona 0 - Richmond 4 |
BOTTOM OF THE 3RD |
Richmond Flying Squirrels batting - Pitching for Altoona Curve : LHP Willie Marmol
|
Batting: RHB Ryan McClure
|
0-0: Ball 1-0: Ground out 5-3 (Groundball, 56, EV 85.6 MPH)
|
Batting: RHB Nate Strother
|
0-0: Foul Ball, location: 2F 0-1: Swinging Strike 0-2: Ball 1-2: Ball 2-2: DOUBLE (Flyball, 78XD, EV 103.1 MPH)
|
Batting: RHB Mark Goree
|
0-0: SINGLE (Line Drive, 89S, EV 96.9 MPH) Nate Strother to third
|
Batting: RHB Julio Villarreal
|
0-0: Called Strike 0-1: Ball 1-1: Reached on error, E6 (Groundball, 6, EV 83.8 MPH) Nate Strother scores Mark Goree to second
|
Batting: RHB Adam Ross
|
0-0: Foul Ball, location: 2F 0-1: Ball 1-1: Ball 2-1: Ball 3-1: Fly out, F4 (Popup, 3S, EV 76.9 MPH)
|
Batting: RHB Bob Harrigan
|
0-0: Foul Ball, location: 25F 0-1: Foul Ball, location: 23F 0-2: Ball 1-2: Ball 2-2: Ball 3-2: Ground out 4-3 (Groundball, 4, EV 104.4 MPH)
|
Bottom of the 3rd over - 1 run, 2 hits, 1 error, 2 left on base; Altoona 0 - Richmond 5 |
TOP OF THE 4TH |
Altoona Curve batting - Pitching for Richmond Flying Squirrels : RHP Ossie Cabrera
|
Batting: RHB Tomas Voivodic
|
0-0: Ball 1-0: Swinging Strike 1-1: SINGLE (Groundball, 56, EV 106.3 MPH)
|
Batting: LHB Juan Ramos
|
0-0: Called Strike 0-1: Ball 1-1: Swinging Strike 1-2: Foul Ball, location: 7LDF 1-2: SINGLE (Flyball, 78S, EV 86.3 MPH) Tomas Voivodic to second
|
Batting: RHB Brent McClendon
|
0-0: Foul Ball, location: 3F 0-1: Ball 1-1: Swinging Strike 1-2: Strikes out swinging
|
Batting: SHB Noah Gelderman
|
0-0: Foul Ball, location: 5SF 0-1: Swinging Strike 0-2: Foul Ball, location: 2LF 0-2: Ball 1-2: Strikes out looking
|
Batting: LHB Francisco Rivas
|
0-0: Ball 1-0: Fly out, F3 (Line Drive, 3L, EV 68.1 MPH)
|
Top of the 4th over - 0 runs, 2 hits, 0 errors, 2 left on base; Altoona 0 - Richmond 5 |
BOTTOM OF THE 4TH |
Richmond Flying Squirrels batting - Pitching for Altoona Curve : LHP Willie Marmol
|
Batting: RHB Tristan Gilliam
|
0-0: Called Strike 0-1: Ball 1-1: Called Strike 1-2: Strikes out swinging
|
Batting: RHB Luis Cano
|
0-0: Ball 1-0: Swinging Strike 1-1: Ground out 6-3 (Groundball, 4M, EV 88.8 MPH)
|
Batting: RHB Jeff Stelma
|
0-0: Ball 1-0: Reached on error, E5 (Groundball, 56S, EV 67.5 MPH)
|
Batting: RHB Ryan McClure
|
0-0: Called Strike 0-1: Called Strike 0-2: SINGLE (Line Drive, 8RS, EV 97.5 MPH) Jeff Stelma to third Runner from 3rd tries for Home, SAFE, throw by CF to home
|
Pitching: RHP Carlos Herrera
|
|
Batting: RHB Nate Strother
|
0-0: DOUBLE (Flyball, 8RXD, EV 80.6 MPH) Ryan McClure to third Runner from 3rd tries for Home, SAFE, no throw by CF
|
Batting: RHB Mark Goree
|
0-0: Ball 1-0: Ball 2-0: Ball Wild Pitch! Nate Strother to third 3-0: Base on Balls
|
Batting: RHB Julio Villarreal
|
0-0: Swinging Strike 0-1: Foul Ball, location: 2F 0-2: Hit by Pitch Mark Goree to second
|
Batting: RHB Adam Ross
|
0-0: Fly out, F6 (Popup, 6MD, EV 58.8 MPH)
|
Bottom of the 4th over - 2 runs, 2 hits, 1 error, 3 left on base; Altoona 0 - Richmond 7 |
TOP OF THE 5TH |
Altoona Curve batting - Pitching for Richmond Flying Squirrels : RHP Ossie Cabrera
|
Batting: SHB Willie Nunez
|
0-0: Called Strike 0-1: Ball 1-1: Foul Ball, location: 3DF 1-2: Foul Ball, location: 2RF 1-2: Ball 2-2: Ball 3-2: Strikes out swinging, 2-3 out at first.
|
Batting: LHB Hector Puentes
|
0-0: Called Strike 0-1: Swinging Strike 0-2: Ball 1-2: Foul Ball, location: 7LMF 1-2: Fly out, F7 (Line Drive, 7, EV 101.9 MPH)
|
Batting: RHB Jadon Harper
|
0-0: Foul Ball, location: 3SF 0-1: Ball 1-1: Fly out, F8 (Flyball, 8RS, EV 92.5 MPH)
|
Top of the 5th over - 0 runs, 0 hits, 0 errors, 0 left on base; Altoona 0 - Richmond 7 |
BOTTOM OF THE 5TH |
Richmond Flying Squirrels batting - Pitching for Altoona Curve : RHP Carlos Herrera
|
Batting: RHB Bob Harrigan
|
0-0: Ball 1-0: Fly out, F8 (Flyball, 8LD, EV 92.5 MPH)
|
Batting: RHB Tristan Gilliam
|
0-0: Called Strike 0-1: Ball 1-1: Foul Ball, location: 5F 1-2: Ball 2-2: Ball 3-2: Strikes out swinging
|
Batting: RHB Luis Cano
|
0-0: Called Strike 0-1: Swinging Strike 0-2: Foul Ball, location: 3SF 0-2: Foul Ball, location: 2F 0-2: Foul Ball, location: 9LMF 0-2: Foul Ball, location: 25F 0-2: Ball 1-2: Ball 2-2: Ball 3-2: Base on Balls
|
Batting: RHB Jeff Stelma
|
0-0: Ball Luis Cano steals 2nd base 1-0: Swinging Strike 1-1: Called Strike 1-2: Strikes out looking
|
Bottom of the 5th over - 0 runs, 0 hits, 0 errors, 1 left on base; Altoona 0 - Richmond 7 |
TOP OF THE 6TH |
Altoona Curve batting - Pitching for Richmond Flying Squirrels : RHP Ossie Cabrera
|
Batting: RHB Bobby Lopez
|
0-0: Reached on error, E5 (Groundball, 56S, EV 82.5 MPH)
|
Batting: RHB Tomas Voivodic
|
0-0: Ball 1-0: Called Strike 1-1: SINGLE (Groundball, 3S, EV 68.8 MPH) (infield hit) Bobby Lopez to third
|
Batting: LHB Juan Ramos
|
0-0: Called Strike 0-1: Foul Ball, location: 9LDF 0-2: Foul Ball, location: 2RF 0-2: Strikes out swinging
|
Batting: RHB Brent McClendon
|
0-0: Fly out, F7 (Flyball, 78S, EV 87.5 MPH)
|
Batting: SHB Noah Gelderman
|
0-0: Ball 1-0: SINGLE (Groundball, 6MD, EV 105.6 MPH) (infield hit) Bobby Lopez scores Tomas Voivodic to second
|
Batting: LHB Francisco Rivas
|
0-0: Ball 1-0: Called Strike 1-1: Called Strike 1-2: Ball 2-2: Strikes out swinging
|
Top of the 6th over - 1 run, 2 hits, 1 error, 2 left on base; Altoona 1 - Richmond 7 |
BOTTOM OF THE 6TH |
Richmond Flying Squirrels batting - Pitching for Altoona Curve : RHP Carlos Herrera
|
Batting: RHB Ryan McClure
|
0-0: Called Strike 0-1: Ground out 4-3 (Groundball, 4, EV 86.3 MPH)
|
Batting: RHB Nate Strother
|
0-0: Called Strike 0-1: Ball 1-1: Fly out, F8 (Flyball, 8LD, EV 94.4 MPH)
|
Batting: RHB Mark Goree
|
0-0: Called Strike 0-1: Ball 1-1: SOLO HOME RUN (Flyball, 89XD, EV 103.8 MPH), Distance : 396 ft
|
Batting: RHB Julio Villarreal
|
0-0: Called Strike 0-1: Ball 1-1: Called Strike 1-2: Fly out, F7 (Flyball, 78D, EV 108.1 MPH)
|
Bottom of the 6th over - 1 run, 1 hit, 0 errors, 0 left on base; Altoona 1 - Richmond 8 |
TOP OF THE 7TH |
Altoona Curve batting - Pitching for Richmond Flying Squirrels : RHP Ossie Cabrera
|
Batting: SHB Willie Nunez
|
0-0: Called Strike 0-1: Foul Ball, location: 23F 0-2: Foul Ball, location: 3F 0-2: Ball 1-2: Foul Ball, location: 2F 1-2: Foul Ball, location: 2F 1-2: Strikes out looking
|
Batting: LHB Hector Puentes
|
0-0: Ball 1-0: Foul Ball, location: 23FF 1-1: Ball 2-1: Called Strike 2-2: Ground out 6-3 (Groundball, 6S, EV 80.0 MPH)
|
Batting: RHB Jadon Harper
|
0-0: Ball 1-0: Called Strike 1-1: Ball 2-1: Swinging Strike 2-2: Hit by Pitch
|
Pitching: RHP Hector Reyes
|
|
Pinch Runner at 1st Justin Cantrell:
|
|
Batting: RHB Bobby Lopez
|
0-0: Ball 1-0: Ball 2-0: Ball 3-0: Base on Balls Justin Cantrell to second
|
Batting: RHB Eduardo Rosales
|
0-0: Swinging Strike 0-1: Called Strike 0-2: Strikes out swinging
|
Top of the 7th over - 0 runs, 0 hits, 0 errors, 2 left on base; Altoona 1 - Richmond 8 |
BOTTOM OF THE 7TH |
Richmond Flying Squirrels batting - Pitching for Altoona Curve : RHP Carlos Herrera
|
Now at 1B: Justin Cantrell
|
|
Now at 3B: Hector Puentes
|
|
Batting: RHB Adam Ross
|
0-0: Called Strike 0-1: Called Strike 0-2: Ball 1-2: Ground out 5-3 (Groundball, 56S, EV 81.3 MPH)
|
Batting: RHB Bob Harrigan
|
0-0: Ball 1-0: Swinging Strike 1-1: Called Strike 1-2: Ball 2-2: Ball 3-2: Foul Ball, location: 2F 3-2: Base on Balls
|
Pitching: LHP Ken Harden
|
|
Batting: RHB Tristan Gilliam
|
0-0: Ball 1-0: Called Strike 1-1: Ball 2-1: Foul Ball, location: 2F 2-2: Grounds into double play, 6-4-3 (Groundball, 6, EV 107.5 MPH)
|
Bottom of the 7th over - 0 runs, 0 hits, 0 errors, 0 left on base; Altoona 1 - Richmond 8 |
TOP OF THE 8TH |
Altoona Curve batting - Pitching for Richmond Flying Squirrels : RHP Hector Reyes
|
Batting: LHB Juan Ramos
|
0-0: Ball 1-0: Called Strike 1-1: DOUBLE (Line Drive, 78D, EV 105.0 MPH)
|
Batting: RHB Brent McClendon
|
0-0: Ball 1-0: Swinging Strike 1-1: Called Strike 1-2: Foul Ball, location: 2F 1-2: Ball 2-2: Ball 3-2: Foul Ball, location: 5FF 3-2: Base on Balls
|
Batting: SHB Noah Gelderman
|
0-0: Ball 1-0: SINGLE (Groundball, 6MD, EV 101.9 MPH) Juan Ramos to third Brent McClendon to second
|
Batting: LHB Francisco Rivas
|
0-0: Called Strike 0-1: Foul Ball, location: 2F 0-2: Ball 1-2: Strikes out swinging
|
Batting: SHB Willie Nunez
|
0-0: Ball 1-0: Foul Ball, location: 2F 1-1: Ball 2-1: Foul Ball, location: 7LDF 2-2: Strikes out swinging
|
Batting: LHB Hector Puentes
|
0-0: Ball 1-0: Ball 2-0: Ball 3-0: Base on Balls Juan Ramos scores Brent McClendon to third Noah Gelderman to second
|
Batting: SHB Justin Cantrell
|
0-0: Ground out 4-3 (Groundball, 4D, EV 100.6 MPH)
|
Top of the 8th over - 1 run, 2 hits, 0 errors, 3 left on base; Altoona 2 - Richmond 8 |
BOTTOM OF THE 8TH |
Richmond Flying Squirrels batting - Pitching for Altoona Curve : LHP Ken Harden
|
Batting: RHB Luis Cano
|
0-0: Ball 1-0: Fly out, F8 (Line Drive, 8RS, EV 92.5 MPH)
|
Batting: RHB Jeff Stelma
|
0-0: Called Strike 0-1: Ball 1-1: Foul Ball, location: 25F 1-2: Ball 2-2: Foul Ball, location: 2F 2-2: Ball 3-2: Base on Balls
|
Batting: RHB Ryan McClure
|
0-0: Fly out, F8 (Flyball, 8RD, EV 106.3 MPH)
|
Batting: RHB Nate Strother
|
0-0: Called Strike 0-1: Ball 1-1: Foul Ball, location: 3F 1-2: Ball 2-2: Fly out, F9 (Line Drive, 9, EV 89.4 MPH)
|
Bottom of the 8th over - 0 runs, 0 hits, 0 errors, 1 left on base; Altoona 2 - Richmond 8 |
TOP OF THE 9TH |
Altoona Curve batting - Pitching for Richmond Flying Squirrels : RHP Hector Reyes
|
Batting: RHB Bobby Lopez
|
0-0: Ball 1-0: Called Strike 1-1: Swinging Strike 1-2: Ball 2-2: Foul Ball, location: 2F 2-2: Foul Ball, location: 3DF 2-2: Ball 3-2: Base on Balls
|
Pitching: LHP Jamie Estrella
|
|
Batting: RHB Eduardo Rosales
|
0-0: Ball 1-0: Ball 2-0: Foul Ball, location: 3SF 2-1: Foul Ball, location: 23F 2-2: Strikes out swinging
|
Batting: LHB Juan Ramos
|
0-0: Ball 1-0: Ball 2-0: Ball 3-0: Called Strike 3-1: Base on Balls Bobby Lopez to second
|
Batting: RHB Brent McClendon
|
0-0: Ball 1-0: Ball 2-0: SINGLE (Line Drive, 34D, EV 102.5 MPH) Bobby Lopez to third Juan Ramos to second
|
Batting: SHB Noah Gelderman
|
0-0: Ball 1-0: Ball 2-0: Fly out, F8 (Flyball, 8LXD, EV 111.9 MPH) Runner from 3rd tags up, SCORES, no throw by CF Juan Ramos to third
|
Pinch Hitting: RHB Wei-qian Wen
|
0-0: Called Strike 0-1: Fielders Choice at 2nd, 6-4 (Groundball, 6, EV 89.4 MPH)
|
Top of the 9th over - 1 run, 1 hit, 0 errors, 2 left on base; Altoona 3 - Richmond 8 |
|